 Dungeon Crawl Stone Soup version 0.31.0-32-g396128a36d (webtiles) character file.

Game seed: 9519495520696158001

16 H0rd4k the Charlatan (level 2, -8/18 HPs)
             Began as an Octopode Artificer on Mar 22, 2024.
             Killed by divine providence
             ... invoked by an orc priest
              (15 damage)
             ... on level 2 of the Dungeon.
             The game lasted 00:00:29 (1025 turns).

H0rd4k the Charlatan (Octopode Artificer)           Turns: 1025, Time: 00:00:31

Health: -8/18      AC:  1    Str: 11    XL:     2   Next: 54%
Magic:  2/2        EV: 13    Int: 13    God:
Gold:   36         SH:  0    Dex: 12    Spells: 1/1 levels left

rFire   . .          .
                       - Unarmed
rCold   . . .        (no shield)
rNeg    . . .        (helmet restricted)
rPois   .            (no amulet)
rElec   .            (no ring)
rCorr   .            (no ring)
SInv    .            (no ring)
Will    .....        (no ring)
Stlth   +++          (no ring)
HPRegen 0.23/turn    (no ring)
MPRegen 0.08/turn    (no ring)
                     (no ring)

%: no passive effects
@: no status effects
A: almost no armour, amphibious, 8 rings, camouflage 1, gelatinous body 1,
(nimble swimmer 1), tentacles
a: no special abilities


You were on level 2 of the Dungeon.
You visited 1 branch of the dungeon, and saw 2 of its levels.

You collected 36 gold pieces.

Inventory:

Missiles
 k - 2 poisoned darts
Magical Staves
 j - a staff of earth
Talismans
 l - a flux talisman
Wands
 b - a wand of flame (15) (quivered)
 c - a wand of charming (15)
 d - a wand of iceblast (5)
Scrolls
 a - 3 scrolls of identify {unknown}
 g - a scroll of amnesia {unknown}
 h - 2 scrolls of silence {unknown}
Potions
 e - a potion of heal wounds {unknown}
 f - a potion of haste {unknown}
 i - 2 potions of magic {unknown}


   Skills:
 + Level 1.2 Fighting
 - Level 2.3 Dodging
 - Level 1.3 Stealth
 + Level 2.0 Unarmed Combat
 - Level 3.2 Evocations


You had one spell level left.
You didn't know any spells.
Your spell library was empty.

Dungeon Overview and Level Annotations

Branches:
Dungeon (2/15)

Altars:

Shops:
D:1 (


Innate Abilities, Weirdness & Mutations

You cannot wear most types of armour.
You are amphibious.
You can wear up to eight rings at the same time.
Your skin changes colour to match your surroundings (Stealth+).
Your rubbery body absorbs attacks. (AC +1, EV +1)
((You are camouflaged when in or above water. (Stealth+)))
You have tentacles for arms and can constrict up to eight enemies at once.


Message History

You tentacle-slap the orc. You grab the orc.
The orc is lightly wounded.
You constrict the orc, but do no damage.
The orc misses you.
There are monsters nearby!
You release your grip on the orc.
The orc priest shouts!
The orc shouts!
You tentacle-slap the orc. You grab the orc.
You squeeze the orc, but do no damage.
The orc is moderately wounded.
You constrict the orc. The orc hits you with a +0 club.
You tentacle-slap the orc but do no damage.
You squeeze the orc, but do no damage.
The orc is moderately wounded.
You constrict the orc, but do no damage.
The orc hits you with a +0 club.
You tentacle-slap the orc.
The orc is severely wounded.
You constrict the orc, but do no damage.
The orc closely misses you.
You tentacle-slap the orc.
The orc is almost dead.
You constrict the orc, but do no damage.
The orc hits you with a +0 club.
You tentacle-slap the orc.
You kill the orc!
You tentacle-slap the orc but do no damage.
You grab the orc. You constrict the orc. The orc barely misses you.
You tentacle-slap the orc. You squeeze the orc.
You kill the orc!
Your Unarmed Combat skill increases to level 2!
You closely miss the orc priest. You grab the orc priest.
You squeeze the orc priest.
The orc priest is moderately wounded.
You constrict the orc priest.
The orc priest invokes the aid of Beogh against you.
Beogh smites you!
Ouch! That really hurt!
You die...

#.# #........#..
#.##..~...~..#.
###.#$.......... #...#
...o.....#### #.#.#
............# ####.#.#
..~o..~..#
.......###........#
..###...#########o#
#...#.........@.#
###.#................#
......################
###.### ..#.##
#.#..######
..........#
#.#.#.#.#.#####
...............


You could see an orc priest.

Vanquished Creatures
  2 orcs (D:2)
  A ball python (D:1)
  A bat (D:1)
  An endoplasm (D:1)
  A goblin (D:1)
  A hobgoblin (D:1)
  2 frilled lizards (D:1)
  3 kobolds
  2 rats (D:1)
14 creatures vanquished.

Notes
Turn   | Place    | Note
-------+----------+-------------------------------------------
     0 | D:1      | H0rd4k the Octopode Artificer began the quest for the Orb.
     0 | D:1      | Reached XP level 1. HP: 13/13 MP: 1/1
   386 | D:1      | Reached skill level 1 in Unarmed Combat
   475 | D:1      | Reached XP level 2. HP: 17/18 MP: 2/2
   679 | D:1      | Found Woushaim's Antique Weapon Shop.
  1025 | D:2      | Killed from afar by an orc priest

Illustrated notes

Levels and vault maps discovered:
D:1:      zelgadis_glass_arrival_small, layout_basic, serial_shops,
          nicolae_shop_peninsula
D:2:      cheibrodos_pilgrimage, layout_basic, serial_glass, glass_columns_b,
          glass_columns_c

Skill      XL: |  1  2 |
---------------+-------+-----
Unarmed Combat | 1 2 |  2.0
Fighting       | |  1.2
Dodging        | |  2.3
Stealth        | |  1.3
Evocations     | |  3.2

Action                     || total
---------------------------++-------
  Melee: Unarmed           ||    32
         Constrict         ||     9
         Tentacles         ||     6
   Stab: Sleeping          ||     6
 Armour: Skin              ||     7
  Dodge: Dodged            ||    14
